 Dungeon Crawl Stone Soup version 0.13.0-19-g8e0b589 (webtiles) character file.

27879 Malachi the Basher (level 13, -2/97 HPs)
             Began as a Mummy Berserker on Oct 24, 2013.
             Was the Champion of Trog.
             Killed from afar by a dragon (85 damage)
             ... with a blast of flame
             ... on Level 4 of the Lair of Beasts.
             The game lasted 01:06:18 (17907 turns).

Malachi the Basher (Mummy Berserker)               Turns: 17907, Time: 01:06:18

HP  -2/97        AC 32     Str 24      XL: 13   Next:  3%
MP  12/12        EV  5     Int  9      God: Trog [******]
Gold 586         SH 24     Dex 11      Spells:  0 memorised, 12 levels left

Res.Fire  : x . .   See Invis. : .   I - +5,+2 morningstar (protect)
Res.Cold  : + . .   Warding    : .   E - +2 dwarf plate armour
Life Prot.: + + +   Conserve   : .   y - +0 dwarf shield
Res.Poison: +       Res.Corr.  : .   B - +2 helmet {Int+3}
Res.Elec. : .       Clarity    : .   D - +0 cloak {darkness}
Sust.Abil.: . .     Spirit.Shd : .   c - +0 pair of gauntlets
Res.Mut.  : .       Stasis     : .   p - +0 pair of orc boots
Res.Rott. : +       Flight     : .   C - amulet of faith
Saprovore : . . .                    j - +5 ring of protection
                                     i - ring of regeneration

@: quite resistant to hostile enchantments, extremely unstealthy
A: no food or potions, fire vulnerability, in touch with death, restore body,
cold resistance 1, life protection 3, poison resistance, torment resistance,
unbreathing
a: Self-Restoration, Burn Spellbooks, Berserk, Trog's Hand, Brothers in Arms,
Renounce Religion, Evoke Invisibility


You were on level 4 of the Lair of Beasts.
You worshipped Trog.
Trog was exalted by your worship.
You were not hungry.

You visited 2 branches of the dungeon, and saw 15 of its levels.
You also visited: Labyrinth.

You collected 798 gold pieces.
You spent 232 gold pieces at shops.

Inventory:

Hand weapons
 a - a +1,+1 mace
 b - a +2,+0 anti-magic morningstar
 k - a +1,-1 whip of flaming
 u - the +6,+9 crossbow "Hellfire" {flame, rF++ rC- MR+}
   (Trog gifted it to you on level 9 of the Dungeon)

   It turns projectiles fired from it into bolts of flame.
   It greatly protects you from fire.
   It makes you vulnerable to cold.
   It affects your resistance to hostile enchantments.
 I - a +5,+2 morningstar of protection (weapon)
Missiles
 v - 42 bolts
Armour
 c - a +0 pair of gauntlets (worn)
 e - a +1 cloak
 p - a +0 pair of orcish boots (worn)
 y - a +0 dwarven shield (worn)
 B - a +2 helmet of intelligence (worn)
 D - a +0 cloak of darkness (worn)
 E - a +2 dwarven plate armour (worn)
Magical devices
 l - a wand of slowing (3)
 m - a wand of random effects (12)
 o - a wand of random effects (0)
 q - a wand of magic darts (23)
 s - a wand of disintegration (6)
 w - a wand of digging (2)
 z - a wand of frost (14)
 F - a wand of paralysis (10)
Scrolls
 d - a scroll of blinking
 f - 4 scrolls of teleportation
 g - a scroll of magic mapping
 h - a scroll of identify
 n - a scroll of enchant armour
 r - 3 scrolls of remove curse
 A - a scroll of fear
 H - a scroll of fog
Jewellery
 i - a ring of regeneration (left hand)
 j - a +5 ring of protection (right hand)
 t - the ring "Qissuint" {rC+ Dex+4 Acc-2}
   (You found it on level 1 of the Lair of Beasts)

   [ring of protection from cold]

   It affects your dexterity (+4).
   It affects your accuracy (-2).
 x - an uncursed ring of invisibility
 C - an amulet of faith (around neck)
 G - an uncursed amulet of warding


   Skills:
 + Level 8.2 Fighting
 + Level 13.2 Maces & Flails
 + Level 0.1 Crossbows
 + Level 6.4 Armour
 - Level 5.4 Dodging
 + Level 8.2 Shields
 - Level 0.1 Evocations


You had 12 spell levels left.
You didn't know any spells.

Dungeon Overview and Level Annotations

Branches:
Dungeon (11/27)            Temple (0/1) D:6             Orc (0/4) D:11
   Lair (4/8) D:10          Snake (0/5) Lair:4
  Swamp: Lair:3-6    Shoals: Lair:3-6    Spider: Lair:3-6

Altars:
Cheibriados
Fedhas
Okawaru
Sif Muna
Trog
Xom
Zin

Shops:
D:10 [}%!   D:11 ?

Annotations:
Lair:4 exclusion: oklob plant


Innate Abilities, Weirdness & Mutations

You do not eat or drink.
Your flesh is vulnerable to fire.
You are in touch with the powers of death.
You can restore your body by infusing magical energy.
Your flesh is cold resistant.
You are immune to negative energy.
Your system is resistant to poisons.
You are immune to unholy pain and torment.
You can survive without breathing.


Message History

A sheep and a dragon come into view.
The sheep bellows!
Found 24 gold pieces.
A sheep comes into view. 3 sheep come into view.
The sheep bellows!
The big fish barely misses you.
Found a metallic silvery potion and 16 gold pieces.
The electric eel shoots out a bolt of electricity!
The bolt of electricity hits you!
The electric eel shoots out a bolt of electricity!
The bolt of electricity hits you! The dragon breathes fire at you.
The blast of flame hits you!
The electric eel shoots out a bolt of electricity!
The bolt of electricity hits you! The dragon breathes fire at you.
The blast of flame hits you! The fire burns you terribly!
Ouch! That really hurt!
You die...

##.................
#.....##...#.##..#.
##########..######.
#######.## #.
###....##..# ##
#...##.##.##
#.####.##.# #.#
#....# #@# ######
##.# #..# #.## #.#
##.# #.D# ##.Y##
##..Y.##


You could see a dragon and 2 sheep.

Vanquished Creatures
  Harold (D:10)
  2 hydras (Lair:4)
  Nergalle (D:10)
  2 unseen horrors
  Pikel (D:7)
  5 hill giants
  Joseph (D:10)
  2 cyclopes (D:11)
  A griffon (Lair:3)
  7 black mambas
  3 spiny frogs
  A feature mimic (Lair:2)
  A troll (D:9)
  A fire drake (Lair:3)
  4 komodo dragons
  A two-headed ogre (D:11)
  4 spectral orcs (D:10)
  14 yaks
  3 blink frogs (Lair:4)
  6 hippogriffs
  Grum (D:10)
  2 hungry ghosts
  11 wolves
  2 porcupines
  A swamp drake (D:11)
  4 ice beasts
  6 orc warriors
  A boring beetle (Lair:2)
  3 sky beasts
  2 centaurs
  4 phantoms
  4 ogres
  3 crocodiles
  Sigmund (D:3)
  2 giant slugs
  2 big kobolds
  8 water moccasins
  12 giant frogs
  A warg (D:11)
  2 agate snails
  10 killer bees
  A troll skeleton (D:11)
  9 wights (D:7)
  9 crimson imps
  A centaur zombie (D:10)
  2 goliath beetles
  A giant frog zombie (D:11)
  8 hounds
  Crazy Yiuf (D:3)
  3 centaur skeletons
  3 jellies
  A two-headed ogre zombie (D:8)
  A giant frog skeleton (D:6)
  6 orc priests
  10 iguanas
  3 worker ants
  15 orc wizards
  6 sheep
  Jessica (D:2)
  A hound zombie (D:8)
  An ogre skeleton (D:11)
  15 adders
  2 hound skeletons (D:8)
  5 gnolls
  40 green rats
  5 giant mites
  3 giant centipedes
  A worm (D:8)
  A scorpion zombie (D:11)
  3 giant eyeballs
  An ooze (D:3)
  41 orcs
  16 bats
  A bat skeleton (D:4)
  4 giant cockroaches
  8 hobgoblins
  12 jackals
  21 kobolds
  15 quokkas
  6 ball pythons
  A ball python skeleton (D:4)
  5 giant geckos
  3 giant newts
  A giant newt skeleton (D:4)
  4 goblins
  A jackal zombie (D:5)
  An orc zombie (D:9)
  21 rats
  7 ballistomycetes
  A fungus (Lair:4)
471 creatures vanquished.

Vanquished Creatures (collateral kills)
  A minotaur (Lab)
  Erica (D:10)
  4 sheep (Lair:2)
  A fungus (Lair:2)
7 creatures vanquished.

Vanquished Creatures (others)
  A two-headed ogre (Lab)
  A slave (D:7)
  4 ogres
  A giant frog (D:10)
  A jelly (D:7)
  2 orc wizards
  A giant mite (D:6)
  3 jackals (D:6)
  5 giant spores
  A kobold (D:9)
  A plant (Lair:4)
21 creatures vanquished.

Grand Total: 499 creatures vanquished

Notes
Turn   | Place    | Note
--------------------------------------------------------------
     0 | D:1      | Malachi, the Mummy Berserker, began the quest for the Orb.
     0 | D:1      | Reached XP level 1. HP: 18/18 MP: 0/0
   357 | D:1      | Reached XP level 2. HP: 18/24 MP: 1/1
   721 | D:2      | Found an iron altar of Okawaru.
   725 | D:2      | Found a bloodstained altar of Trog.
   730 | D:2      | Acquired Trog's second power
   761 | D:2      | Found a blossoming altar of Fedhas.
   818 | D:2      | Noticed Jessica
   823 | D:2      | Killed Jessica
   823 | D:2      | Reached XP level 3. HP: 30/30 MP: 2/2
  1028 | D:2      | Found a snail-covered altar of Cheibriados.
  1052 | D:2      | Reached skill level 4 in Maces & Flails
  1256 | D:3      | Reached XP level 4. HP: 36/36 MP: 3/3
  1381 | D:3      | Noticed Crazy Yiuf
  1396 | D:3      | Killed Crazy Yiuf
  1753 | D:3      | Noticed Sigmund
  2120 | D:4      | Reached XP level 5. HP: 35/41 MP: 4/4
  2252 | D:4      | Reached skill level 5 in Maces & Flails
  2618 | D:4      | Paralysed by a giant eyeball for 2 turns
  2624 | D:4      | Paralysed by a giant eyeball for 2 turns
  2630 | D:4      | Paralysed by a giant eyeball for 2 turns
  3285 | D:3      | Killed Sigmund
  3285 | D:3      | Reached XP level 6. HP: 33/48 MP: 5/5
  3326 | D:5      | Entered Level 5 of the Dungeon
  3379 | D:5      | Reached skill level 6 in Maces & Flails
  3826 | D:5      | Reached XP level 7. HP: 53/53 MP: 6/6
  3994 | D:5      | Acquired Trog's third power
  4081 | D:5      | Reached skill level 7 in Maces & Flails
  4680 | D:6      | Reached skill level 8 in Maces & Flails
  4776 | D:6      | Found a staircase to the Ecumenical Temple.
  4850 | D:6      | Reached XP level 8. HP: 57/60 MP: 7/7
  4921 | D:6      | Paralysed by a giant eyeball for 4 turns
  5382 | D:7      | Found a glowing silver altar of Zin.
  5406 | D:7      | Reached skill level 9 in Maces & Flails
  5647 | D:7      | Noticed Pikel
  5677 | D:7      | Killed Pikel
  5677 | D:7      | Reached XP level 9. HP: 60/65 MP: 8/8
  5865 | D:7      | Reached skill level 10 in Maces & Flails
  7251 | D:9      | Reached XP level 10. HP: 70/73 MP: 9/9
  7498 | D:9      | Reached skill level 11 in Maces & Flails
  7500 | D:9      | Received a gift from Trog
  7871 | D:8      | Reached skill level 5 in Dodging
  8251 | D:9      | Found a shimmering altar of Xom.
  8471 | D:10     | Entered Level 10 of the Dungeon
  8540 | D:10     | Noticed Grum
  8548 | D:10     | Paralysed by a giant eyeball for 4 turns
  8575 | D:11     | Reached skill level 5 in Fighting
  8619 | D:10     | Killed Grum
  8659 | D:10     | Paralysed by a giant eyeball for 2 turns
  8676 | D:10     | Noticed Harold
  8696 | D:10     | Killed Harold
  8696 | D:10     | Reached skill level 1 in Shields
  8783 | D:10     | Noticed Nergalle
  8821 | D:10     | Killed Nergalle
  8876 | D:10     | Noticed a hill giant
  8882 | D:10     | Reached XP level 11. HP: 80/80 MP: 10/10
  8894 | D:10     | Noticed Joseph
  8900 | D:10     | Killed a hill giant
  8921 | D:10     | Killed Joseph
  9114 | D:10     | Found Prieguh's Gadget Boutique.
  9166 | D:10     | Found Hogoili's Antique Armour Shoppe.
  9201 | D:10     | Bought a runed helmet for 77 gold pieces
  9201 | D:10     | Bought a ring mail for 124 gold pieces
  9201 | D:10     | Bought a glowing cloak for 31 gold pieces
  9236 | D:10     | Found a staircase to the Lair.
  9357 | D:10     | Found Zuiraq's Food Emporium.
  9491 | D:10     | Killed an unseen horror
  9561 | D:10     | Noticed Erica
  9652 | D:10     | Killed Erica
  9652 | D:10     | Reached skill level 12 in Maces & Flails
  9757 | D:10     | Found Hajourude's Distillery.
 10127 | D:11     | Reached skill level 5 in Shields
 10142 | D:11     | Found a staircase to the Orcish Mines.
 10325 | D:11     | Killed an unseen horror
 10393 | D:11     | Found Prettasm's Magic Scroll Shop.
 10500 | D:11     | Noticed a hill giant
 10517 | D:11     | Killed a hill giant
 10615 | D:11     | Noticed a cyclops
 10664 | D:11     | Noticed a hill giant
 10664 | D:11     | Noticed a hill giant
 10665 | D:11     | Noticed a hill giant
 10677 | D:11     | Killed a hill giant
 10700 | D:11     | Killed a hill giant
 10735 | D:11     | Killed a hill giant
 10735 | D:11     | Reached skill level 5 in Armour
 10787 | D:11     | Noticed a fire giant
 10787 | D:11     | Noticed a cyclops
 10788 | D:11     | Noticed a cyclops
 10827 | D:11     | Killed a cyclops
 10829 | D:11     | Received a gift from Trog
 10845 | D:11     | Killed a cyclops
 10932 | D:11     | HP: 3/82 [fire giant/fireball (43)]
 11207 | Lair:1   | Entered Level 1 of the Lair of Beasts
 11233 | Lair:1   | Got a sparkling marble ring
 11236 | Lair:1   | Identified the ring "Qissuint" {rC+ Dex+4 Acc-2} (You found it on level 1 of the Lair of Beasts)
 11390 | Lair:1   | Reached XP level 12. HP: 69/89 MP: 11/11
 11838 | Lair:2   | Found a labyrinth entrance.
 11918 | Lab      | Entered a labyrinth
 15222 | Lab      | Noticed a minotaur
 15251 | Lab      | Killed a minotaur
 15432 | Lair:2   | Found a deep blue altar of Sif Muna.
 15696 | Lair:2   | Got a smoking bow
 15706 | Lair:2   | Identified the cursed bow of the Viper {venom, rElec rC+ Str+3 SInv} (You found it on level 2 of the Lair of Beasts)
 16845 | Lair:3   | Received a gift from Trog
 17172 | Lair:3   | Reached skill level 13 in Maces & Flails
 17406 | Lair:4   | Noticed a four-headed hydra
 17417 | Lair:4   | Killed a four-headed hydra
 17522 | Lair:4   | Found a staircase to the Snake Pit.
 17553 | Lair:4   | Received a gift from Trog
 17689 | Lair:4   | Noticed an eight-headed hydra
 17701 | Lair:4   | Killed an eight-headed hydra
 17857 | Lair:4   | Reached XP level 13. HP: 97/97 MP: 12/12
 17894 | Lair:4   | Noticed a dragon
 17907 | Lair:4   | Killed from afar by a dragon

Action                   |  1- 3 |  4- 6 |  7- 9 | 10-12 | 13-15 || total
-------------------------+-------+-------+-------+-------+-------++-------
Melee: Mace              |    93 |   326 |   559 |     6 |       ||   984
       Whip              |       |       |   169 |       |       ||   169
       Flail             |       |       |   112 |  1649 |       ||  1761
       Morningstar       |       |       |       |   100 |    22 ||   122
 Fire: Crossbow          |       |       |       |     4 |       ||     4
Throw: Throwing net      |       |     1 |       |       |       ||     1
Invok: Trog's Hand       |       |     4 |     3 |     9 |       ||    16
       Brothers in Arms  |       |       |       |     7 |       ||     7
Evoke: Wand              |       |       |     3 |    13 |       ||    16
  Use: Scroll            |       |       |    16 |    14 |       ||    30
